 Dungeon Crawl Stone Soup version 0.28-a0-577-gb193047a1f (webtiles) character file.

Game seed: 16659672934187576522

1608 timneilson the Shield-Bearer (level 8, -9/49 HPs)
             Began as a Gargoyle Fighter on Oct 2, 2021.
             Mangled by an orc warrior (13 damage)
             ... on level 7 of the Dungeon.
             The game lasted 00:11:59 (7525 turns).

timneilson the Shield-Bearer (Gargoyle Fighter)     Turns: 7525, Time: 00:11:59

Health: -9/49      AC: 19    Str: 21    XL:     8   Next: 95%
Magic:  8/8        EV:  8    Int: 10    God:
Gold:   378        SH:  5    Dex:  9    Spells: 7/7 levels left

rFire   . . .      SeeInvis .   a - +1 long sword
rCold   . . .      Faith    .   c - +0 buckler
rNeg    + . .      Spirit   .   q - +0 chain mail
rPois   ∞          Reflect  .   n - +1 hat
rElec   +          Harm     .   (no cloak)
rCorr   .          Rampage  .   p - +0 pair of gloves
Will    .....                   e - +0 pair of boots
Stlth   ..........              (no amulet)
HPRegen 0.16/turn               (no ring)
MPRegen 0.11/turn               (no ring)

@: mighty
A: sickness immunity, AC +5, negative energy resistance 1, electricity
resistance, torment resistance 1, petrification resistance
a: no special abilities


You were on level 7 of the Dungeon.
You visited 2 branches of the dungeon, and saw 8 of its levels.

You collected 378 gold pieces.

Inventory:

Hand Weapons
 a - a +1 long sword (weapon)
 j - a +1 falchion of flaming
Armour
 c - a +0 buckler (worn)
 e - a +0 pair of boots (worn)
 f - a +0 tower shield
 m - a +0 plate armour
 n - a +1 hat (worn)
 p - a +0 pair of gloves (worn)
 q - a +0 chain mail (worn)
Wands
 g - a wand of iceblast (8)
Scrolls
 b - a scroll of enchant armour {unknown}
 h - a scroll of teleportation
 k - 2 scrolls of enchant weapon
Potions
 d - a potion of might
 l - a potion of brilliance
 o - a potion of resistance


   Skills:
 + Level 5.2 Fighting
 * Level 5.0 Long Blades
 * Level 6.4 Armour
 + Level 2.7 Dodging
 * Level 6.6 Shields
 + Level 2.9 Evocations


You had 7 spell levels left.
You didn't know any spells.
Your spell library contained the following spells:

 Spells                   Type           Power      Damage    Failure   Level
 Corpse Rot               Necr/Air       N/A        N/A       99%         2
 Poisonous Vapours        Pois/Air       0%         N/A       99%         2
 Frozen Ramparts          Ice            0%         1d2       100%        3
 Ice Form                 Ice/Tmut       0%         N/A       100%        4
 Summon Ice Beast         Ice/Summ       0%         N/A       100%        4
 Summon Mana Viper        Hex/Summ       0%         N/A       100%        5
 Monstrous Menagerie      Summ           0%         N/A       100%        7


Dungeon Overview and Level Annotations

Branches:
Dungeon (7/15)             Temple (1/1) D:4

Altars:
Cheibriados
Dithmenos
Elyvilon
Fedhas
Gozag
Hepliaklqana
Kikubaaqudgha
Makhleb
Nemelex Xobeh
Qazlal
Ru
Sif Muna
Wu Jian
Xom

Shops:
D:1 *(


Innate Abilities, Weirdness & Mutations

You are immune to sickness and miasma.
Your stone body is resilient. (AC +5)
You are immune to poison.
You resist negative energy. (rN+)
You are resistant to electric shocks. (rElec)
You are resistant to unholy torment.
You are immune to petrification.


Message History

* * * LOW HITPOINT WARNING * * *
The orc hits you but does no damage.
The orc priest mumbles some strange prayers to Beogh against you.
You are unaffected.
You miss the orc priest. The orc warrior closely misses you.
The orc hits you but does no damage.
The orc priest hits you but does no damage.
You closely miss the orc.
The orc warrior hits you but does no damage.
The orc hits you with a +0 club. The orc priest barely misses you.
You barely miss the orc.
The orc warrior hits you but does no damage.
The orc hits you but does no damage.
The orc priest hits you but does no damage.
The orc warrior hits you with a +1 morningstar of protection!
You bump into the rock wall.
The orc hits you but does no damage.
The orc priest mumbles some strange prayers to Beogh against you.
Beogh smites you!
* * * LOW HITPOINT WARNING * * *
The orc warrior hits you with a +1 morningstar of protection.
* * * LOW HITPOINT WARNING * * *
You slash the orc priest!
You kill the orc priest!
You feel less invigorated.
You feel less confused. The orc barely misses you.
You block the orc warrior's attack.
You closely miss the orc. The orc hits you but does no damage. x2
The orc warrior hits you with a +1 morningstar of protection!
* * * LOW HITPOINT WARNING * * *
The orc hits you but does no damage.
Unknown command.
You closely miss the orc warrior. The orc hits you with a +0 short sword.
* * * LOW HITPOINT WARNING * * *
The orc warrior hits you but does no damage.
The orc closely misses you.
You slash the orc warrior!
The orc warrior is moderately wounded.
The orc hits you but does no damage.
The orc warrior hits you with a +1 morningstar of protection!
You die...

^,,,,,,,********#..,,,..,,,,,,,,,
,,,,,,,,* #######.##*..,,,,,*****
,,,,,,,,**#........##.,,,**,,,,,,
,,,,****#....o.......,,,,**,***,,
,,,,* #.>.o.......#***,**,,,*,*
,,,,* *.o.........# *,****,*,*
,,,,* *,....o.....#***,****,*,*
***** **#.#####o..#*,,,,,**,*,*
********#.#...@o..#*,,,,<**,*,,
***,,,,,,,#.....o#..#*,,,,,,,,*,*
,***,***#,###.##.#..#*,,,,,,,,,,,
,***...##.#.#.##.#..#*,,,,,,,,,,,
,,,,........#.##.#..#*****,,,,,,,
,***##.##.#......#..# *,,,,,,, ,*
*,,#,#.#.#..#..# *,,,,,,, **
***#.#.#.#.####..# *,,,,,,,
*,,..............# *,,,,,,,


You could see an orc warrior and 2 orcs.

Vanquished Creatures
  A hornet zombie (D:5)
  An ice beast (D:7)
  A black bear (D:6)
  2 ogres
  A gnoll sergeant (D:6)
  4 scorpions
  A water moccasin zombie (D:6)
  3 orc priests
  6 hounds
  6 iguanas
  3 orc wizards (D:5)
  A killer bee zombie (D:6)
  2 hound skeletons (D:4)
  A howler monkey skeleton (D:6)
  7 gnolls
  11 adders
  2 white imps
  An ufetubus (D:5)
  An adder skeleton (D:4)
  A worm (D:4)
  A dart slug (D:3)
  9 orcs
  5 endoplasms
  2 giant cockroaches (D:1)
  6 goblins
  6 hobgoblins
  2 jackals (D:3)
  4 kobolds
  3 quokkas
  7 ball pythons
  12 bats
  8 frilled lizards
  9 rats
130 creatures vanquished.

Vanquished Creatures (others)
  A plant (D:6)
1 creature vanquished.

Grand Total: 131 creatures vanquished

Notes
Turn   | Place    | Note
-------+----------+-------------------------------------------
     0 | D:1      | timneilson the Gargoyle Fighter began the quest for the
                  | Orb.
     0 | D:1      | Reached XP level 1. HP: 14/14 MP: 1/1
    24 | D:1      | Found Xylus's Assorted Antiques.
   169 | D:1      | Reached XP level 2. HP: 9/19 MP: 2/2
   350 | D:1      | Found a faded altar of an unknown god.
   410 | D:1      | Found Gochy Luna's Antique Weapon Shop.
  1032 | D:1      | Reached XP level 3. HP: 23/23 MP: 3/3
  2172 | D:3      | Reached XP level 4. HP: 24/28 MP: 4/4
  3279 | D:3      | Reached skill level 1 in Dodging
  3287 | D:3      | Reached skill level 1 in Evocations
  3287 | D:3      | Reached XP level 5. HP: 28/33 MP: 5/5
  3383 | D:4      | Found a shimmering blue altar of Sif Muna.
  3400 | D:4      | Noticed an ogre
  4002 | D:4      | Reached XP level 6. HP: 37/38 MP: 6/6
  4007 | D:4      | Found a staircase to the Ecumenical Temple.
  4013 | Temple   | Entered the Ecumenical Temple
  4935 | D:4      | Reached skill level 5 in Shields
  4938 | D:4      | Reached XP level 7. HP: 25/43 MP: 7/7
  5238 | D:5      | Entered Level 5 of the Dungeon
  5381 | D:5      | Reached skill level 5 in Armour
  5383 | D:5      | Found a snail-covered altar of Cheibriados.
  5396 | D:5      | Found a burning altar of Makhleb.
  5671 | D:5      | Reached XP level 8. HP: 48/48 MP: 8/8
  7016 | D:6      | Reached skill level 5 in Fighting
  7480 | D:7      | Reached skill level 5 in Long Blades
  7525 | D:7      | Mangled by an orc warrior

Illustrated notes

Levels and vault maps discovered:
D:1:      grunt_arrival_crossed_arrows, layout_basic,
          hellmonk_ecumenical_altar_lost_god, serial_shops, shop_coins,
          nicolae_diamond_shop
D:2:      layout_basic, serial_glass, glass_columns_b, glass_columns_b,
          glass_columns_a, glass_columns_c, glass_columns_a, glass_columns_a,
          glass_columns_a, glass_columns_b, minmay_lizard_pond
D:3:      layout_basic
D:4:      layout_basic, lemuel_coloured_pillars_altar,
          minmay_temple_entry_enclosed_plants
D:5:      layout_loops_ring, mainiacjoe_overflow_24_doors, lemuel_crystal_altar
D:6:      layout_cave_pools, chequers_arboretum, nicolae_zen_rock_garden
D:7:      layout_basic, enter_bailey_6, gup_ossuary_entry_pyramid, minivault_27,
          uniq_pikel
Temple:   jpeg_temple_clearing

Skill      XL: |  1  2  3  4  5  6  7  8 |
---------------+-------------------------+-----
Long Blades    | 2 3 4 5 |  5.0
Shields        | 4 5 6 |  6.6
Dodging        | 1 2 |  2.7
Evocations     | 1 2 |  2.9
Armour         | 4 5 6 |  6.4
Fighting       | 4 5 |  5.2

Action                   |  1- 3 |  4- 6 |  7- 9 || total
-------------------------+-------+-------+-------++-------
Melee: Long sword        |   152 |   219 |   286 ||   657
  Use: Scroll            |     3 |     3 |     7 ||    13
       Potion            |       |     1 |     5 ||     6
Armor: Scale mail        |    83 |   119 |   113 ||   315
       Chain mail        |       |       |    59 ||    59
Dodge: Dodged            |    75 |   134 |   125 ||   334
Block: Buckler           |    39 |    50 |    68 ||   157

Table legend: (Time is in decaauts)
 A = Elapsed time spent in this place.
 B = Non-inter-level travel time spent in this place.
 C = Inter-level travel time spent in this place.
 D = Time resting spent in this place.
 E = Time spent auto-exploring this place.
 F = Levels seen in this place.
 G = Mean time per level.
                   A        B        C        D        E       F      G
               +--------+--------+--------+--------+--------+-----+--------+
         Total |   7689 |   7436 |    253 |    572 |   5167 |   8 |  961.1 |
       Dungeon |   7604 |   7363 |    241 |    572 |   5106 |   7 | 1086.3 |
        Temple |     85 |     73 |     12 |      0 |     61 |   1 |   85.0 |
               +--------+--------+--------+--------+--------+-----+--------+

Top non-repeatable levels by time:
     D:3: 1547 daAuts
     D:5: 1531 daAuts
     D:4: 1517 daAuts
     D:1: 1186 daAuts
     D:2: 1009 daAuts
     D:6: 734 daAuts
  Temple: 85 daAuts
     D:7: 76 daAuts
